 Dungeon Crawl Stone Soup version 0.30-a0-56-ge6a4009bfd (webtiles) character file.

Game seed: 3848808696767803970

50 Gildeon the Covered (level 3, 0/33 HPs)
             Began as a Minotaur Fighter on Sept 10, 2022.
             Slain by a gnoll bouda
             ... wielding a +2 whip of distortion
              (21 damage)
             ... on level 1 of the Dungeon.
             The game lasted 00:02:53 (1481 turns).

Gildeon the Covered (Minotaur Fighter)              Turns: 1481, Time: 00:02:54

Health: 0/33       AC:  7    Str: 20    XL:     3   Next: 55%
Magic:  2/2        EV:  9    Int:  5    God:
Gold:   59         SH:  4    Dex: 11    Spells: 2/2 levels left

rFire   . . .      SeeInvis .    a - +0 war axe
rCold   . . .      Faith    .    c - +0 buckler
rNeg    . . .      Spirit   .    b - +0 scale mail
rPois   .          Reflect  .    (helmet restricted)
rElec   .          Harm     .    (no cloak)
rCorr   .          Rampage  .    (no gloves)
Will    .....                    (no boots)
Stlth   ..........               (no amulet)
HPRegen 0.11/turn                (no ring)
MPRegen 0.08/turn                (no ring)

@: lethally poisoned (0 -> -4)
A: horns 2, retaliatory headbutt
a: no special abilities


You were on level 1 of the Dungeon.
You visited 1 branch of the dungeon, and saw 2 of its levels.

You collected 59 gold pieces.

Inventory:

Hand Weapons
 a - a +0 war axe (weapon)
 l - a +0 flail
Armour
 b - a +0 scale mail (worn)
 c - a +0 buckler (worn)
Scrolls
 e - a scroll of fear {unknown}
 f - a scroll of identify {unknown}
 i - a scroll of noise {unknown}
 k - a scroll of fog {unknown}
Potions
 d - 2 potions of might
 h - a potion of lignification {unknown}
 j - a potion of curing {unknown}


   Skills:
 + Level 4.1 Fighting
 * Level 3.8 Axes
 + Level 4.2 Armour
 - Level 3.6 Shields


You had 2 spell levels left.
You didn't know any spells.
Your spell library contained the following spells:

 Spells                   Type           Power      Damage    Failure   Level
 Slow                     Hex            0%         N/A       89%         1
 Confusing Touch          Hex            0%         N/A       99%         3
 Vampiric Draining        Necr           0%         2d6       99%         3


Dungeon Overview and Level Annotations

Branches:
Dungeon (2/15)

Altars:


Innate Abilities, Weirdness & Mutations

You have a pair of horns on your head.
You reflexively headbutt those who attack you in melee.


Message History

l - a +0 flail You drop a +0 club.
Things that are here:
a +0 club; a gnoll corpse You start resting.
HP restored.
There is a stone staircase leading down, spattered with blood here.
You climb downwards.
You block the giant cockroach's attack.
The giant cockroach bites you but does no damage.
There is a stone staircase leading up here.
The gnoll shouts!
The giant cockroach barely misses you.
The giant cockroach bites you but does no damage.
The gnoll hits you from afar with a +2 spear of venom.
The giant cockroach bites you but does no damage.
The gnoll closely misses you.
The gnoll bouda barks out a call to the hunt!
The gnolls pick up the pace!
The gnoll hits you from afar with a +2 spear of venom.
You are poisoned.
The giant cockroach waves its antennae.
The giant cockroach bites you but does no damage.
You climb upwards.
You feel very sick.
There is a stone staircase leading down, spattered with blood here.
You slash the gnoll bouda!
You headbutt the gnoll bouda, but do no damage.
The gnoll bouda is heavily wounded.
You closely miss the gnoll. You barely miss the giant cockroach.
You feel sick. You block the gnoll bouda's attack.
The giant cockroach closely misses you. You furiously retaliate!
You headbutt the giant cockroach!
You kill the giant cockroach!
You block the gnoll's attack.
You barely miss the gnoll bouda.
The gnoll bouda is heavily wounded.
You slash the gnoll!
You feel sick.
The gnoll bouda hits you with a +2 whip of distortion.
Space warps horribly around you!!
Ouch! That really hurt!
You die...

.# #.# ##...## #....>... .#
###.# ##.....## #####.### .#
##.#.# ##.......## ##.#.#
.#####....###.........####....#
............'.........+.......#
.#####....###.........####....#
.# ##.#.# ##.......## ##.#.# .#
###.# ##†))..#########.# ##
#####.# ##@g.###......#.#
####.....# ##g## #.####.#.#
#........# #.# #.# #.#.#
#.##.###.# #.# #.####.#.#
#.##.# #.# ##.## #.##.....#
#.##.###.## ##...###.##.#.###
#.##......# #......#.##.#.#
#.######..# ##...##.(.....#
#.........######.###.###.###


You could see a gnoll bouda and a gnoll (swift).

Vanquished Creatures
  2 gnolls (D:1)
  A dart slug (D:1)
  3 bats (D:1)
  2 endoplasms (D:1)
  3 giant cockroaches (D:1)
  2 goblins (D:1)
  A hobgoblin (D:1)
  3 quokkas (D:1)
  5 ball pythons (D:1)
  4 frilled lizards (D:1)
  2 rats (D:1)
28 creatures vanquished.

Notes
Turn   | Place    | Note
-------+----------+-------------------------------------------
     0 | D:1      | Gildeon the Minotaur Fighter began the quest for the Orb.
     0 | D:1      | Reached XP level 1. HP: 19/19 MP: 0/0
   204 | D:1      | Reached XP level 2. HP: 18/27 MP: 1/1
   855 | D:1      | Reached XP level 3. HP: 33/33 MP: 2/2
  1481 | D:1      | Slain by a gnoll bouda

Illustrated notes

Levels and vault maps discovered:
D:1:      psy_arrival_conway, layout_loops_corners, minmay_pentomino_t4
D:2:      minmay_alternating_diamond, layout_basic

Skill      XL: |  1  2 |
---------------+-------+-----
Axes           | 3 |  3.8
Fighting       | 4 |  4.1
Armour         | 4 |  4.2
Shields        | |  3.6

Action                   || total
-------------------------++-------
Melee: War axe           ||    62
       Headbutt          ||     8
Armor: Scale mail        ||    46
Dodge: Dodged            ||    39
Block: Buckler           ||    20

Table legend: (Time is in decaauts)
 A = Elapsed time spent in this place.
 B = Non-inter-level travel time spent in this place.
 C = Inter-level travel time spent in this place.
 D = Time resting spent in this place.
 E = Time spent auto-exploring this place.
 F = Levels seen in this place.
 G = Mean time per level.
                   A        B        C        D        E       F      G
               +--------+--------+--------+--------+--------+-----+--------+
         Total |   1510 |   1492 |     18 |     93 |   1192 |   2 |  755.0 |
       Dungeon |   1510 |   1492 |     18 |     93 |   1192 |   2 |  755.0 |
               +--------+--------+--------+--------+--------+-----+--------+

Top non-repeatable levels by time:
     D:1: 1501 daAuts
     D:2: 9 daAuts
